Unix NetHack Version 5.0.0-0 post-release - last build May 31 2026 23:59:36 (970b52f25bf058293b47ddfd14a1e40e571c508c,branch:main).

Game began 2026-06-08 11:02:54, ended 2026-06-09 07:46:59.

LDaviesPeters, neutral female human Archeologist

                                             ---
          ----                ----     ---- --.----
          |..---           ---|..--    |..---.....--
          |....-----      |..--...|    |....[......|
          |....)..).----  |.......|    -.....)....--
          |.------#.....| |......--   -..-........-
 ----     |.--    -----.| |.|.|.--   |.......--....|
 |..--    |..|       |..--|.|-|.--   |.---.---|...*---                ---
 |...--   --.|       --..||.|--..|   |.| |....|-^|...#--#            |..--
--.....--- |.|        --.--.|-...|  --q|  ---*|-----.....#           |....-
|........- |.|         |....|..|.|  |@.--   |.--   ---##.-#          --....---
--........||.--        --...|.-|.-- |.-.-- --..----   --..|#     ------..)..<--
 |........--..|        |....|.||..^|-....|--.....^--- |...--#-----%...........|
  -...........|        |-...|.| --.|....--|.........| --......[....---....).)--
  --..........|        |......-- |.|...-- |...^.....-------...#-#-----.....)--
   |..........|        |..|.|..| |...---   ---.........|  |...|    --.......|
   |..........|        ---|.|..| --..|      --..|.|....-- |..-     |........--
   --.>.---...--          |.--- |...--   ----.#-----....| ----     --........|
    --..| --...|          |..|  |...|    |.....|   |....|           |........|
     ----  |..--          |..|  --.--    |.--.--    -----           ----.|.--
            ---           ---    ---     ------                        -----
LDaviesPeters the Investigator  St:25 Dx:12 Co:15 In:15 Wi:17 Ch:10  Neutral
Dlvl:5  $:67 HP:0(73) Pw:56(56) AC:1  Xp:9 T:10174  Hungry  

Latest messages:
 In what direction? 4
 The door closes.
 You swap places with the peaceful watchman.
 You see here an orcish helm.
 In what direction? 9
 The door resists!
 In what direction? 9
 The door closes.
 In what direction? 2
 The door closes.
 In what direction? 6
 The door closes.
 In what direction? 4
 The door resists!
 In what direction? 4
 The door resists!
 In what direction? 4
 The door closes.
 You hear someone praising Quetzalcoatl.
 You lash the rock mole!
 You lash the rock mole!
 You kill the rock mole!
 There is a rock mole corpse here; eat it? [ynq] (n) y
 Blecch!  Rotten food!
 $ - 24 gold pieces (67 in total).
 You hear a door open.
 You lash the violet fungus!
 You kill the violet fungus!
 You see here a violet fungus corpse.
 You hear a door open.
 Pick a monster, object or location.
 Y        an apelike creature (peaceful ape)
 You swap places with the peaceful watchman.
 You climb up the stairs.
 You see here 4 cursed daggers.
 You are beginning to feel hungry.
 You find a rust trap.
 The mumak butts!
 The mumak bites!
 You lash the mumak.
 The mumak butts!
 The mumak misses!
 You miss the mumak.
 The mumak butts!
 You die...
 Do you want your possessions identified? [ynq] (y) y
 Do you want to see your attributes? [ynq] (y) y
 Do you want an account of creatures vanquished? [ynaq] (y) n
 Do you want to see your conduct and achievements? [ynq] (y) y
 Do you want to see the dungeon overview? [ynq] (y) n

Inventory:
 Coins    ('$')
  $ - 67 gold pieces
 Weapons  (')')
  T - 10 +2 shuriken
  l - a rustproof +0 dagger
  w - a +0 orcish dagger
  a - a +2 bullwhip (weapon in right hand)
 Armor    ('[')
  Q - an uncursed +0 dwarvish iron helm (being worn)
  J - an uncursed corroded +0 pair of gauntlets of power (being worn)
  H - an uncursed +0 pair of iron shoes (being worn)
  q - an uncursed +0 small shield (being worn)
  K - an uncursed +0 cloak of protection (being worn)
  h - an uncursed +0 leather jacket (being worn)
 Comestibles  ('%')
  t - an uncursed slime mold
  F - an uncursed carrot
  d - 2 uncursed food rations
 Scrolls  ('?')
  I - an uncursed scroll of confuse monster
  E - an uncursed scroll of enchant armor
  G - an uncursed scroll of identify
  j - a blessed scroll of teleportation
  L - an uncursed scroll of teleportation
 Potions  ('!')
  z - an uncursed potion of blindness
  B - an uncursed potion of full healing
  P - an uncursed potion of object detection
 Rings    ('=')
  v - a cursed +2 ring of adornment named Cursed
  D - an uncursed ring of conflict
  o - a cursed ring of polymorph
  r - a cursed ring of polymorph
  y - a cursed ring of shock resistance named Cursed
 Wands    ('/')
  c - a wand of digging (0:6)
  A - a wand of digging (0:3)
  s - a wand of fire (0:6)
  C - a wand of locking (0:4)
  e - a wand of magic missile (0:7)
  k - a wand of magic missile (0:3)
  x - a wand of polymorph (0:7)
  N - a wand of secret door detection (0:11)
  R - a wand of striking (0:5)
  W - a wand of striking (0:0)
 Tools    ('(')
  m - a magic marker (0:22)
  p - a +0 pick-axe
  O - an uncursed tallow candle
  f - a tinning kit (0:84)
 Gems/Stones  ('*')
  g - an uncursed touchstone

LDaviesPeters the Archeologist's attributes:

Background:
 You were an Investigator, a level 9 female human Archeologist.
 You were neutral, on a mission for Camaxtli
 who was opposed by Quetzalcoatl (lawful) and Huhetotl (chaotic).
 You were right-handed.
 You were in the Gnomish Mines, on level 5.
 You entered the dungeon 10174 turns ago.
 You had 3023 experience points, 2097 more were needed to attain level 10.

Basics:
 You had 0 out of 73 hit points.
 You had all 56 energy points (spell power).
 Your armor class was 1.
 Your wallet contained 67 zorkmids.
 Autopickup was off.

Final Characteristics:
 Your strength was 25 (base:12, innate limit:18/100).
 Your dexterity was 12 (limit:18).
 Your constitution was 15 (limit:18).
 Your intelligence was 15 (limit:18).
 Your wisdom was 17 (limit:18).
 Your charisma was 10 (limit:18).

Final Status:
 You were hungry.
 You were unencumbered.
 You were wielding a whip.
 You were skilled in whip and could have enhanced that.

Final Attributes:
 You were piously aligned.
 You were cold resistant.
 You were sleep resistant.
 You had automatic searching.
 You were stealthy.
 You were protected.
 You are dead.

Miscellaneous:
 You didn't encounter any bones levels.
 Total elapsed playing time was 2 hours, 17 minutes and 48 seconds.

Major events:
 Turn
    1: LDaviesPeters the neutral female human Archeologist entered the dungeon
  775: attained the rank of Field Worker (level 3)
  807: entered the Gnomish Mines
 4502: attained the rank of Investigator (level 6)
 4668: entered Sokoban
 6098: completed 1st Sokoban level
 6540: completed 2nd Sokoban level
 9469: reached Mine Town
10174: killed by a mumak

Spells:
 Name                 Level Category     Fail Retention
 detect monsters        1   divination   100%   51%-75%
 force bolt             1   attack       100%   51%-75%

Skills:
 Fighting Skills
   bare handed combat [Unskilled]
   two weapon combat  [Unskilled]
   riding             [Unskilled]
 Weapon Skills
   dagger             [Unskilled]
   knife              [Unskilled]
   pick-axe           [Basic]
   short sword        [Unskilled]
   saber              [Unskilled]
   club               [Unskilled]
   quarterstaff       [Unskilled]
   sling              [Unskilled]
   dart               [Unskilled]
   boomerang          [Unskilled]
   whip               [Skilled]
   unicorn horn       [Unskilled]
 Spellcasting Skills
   attack spells      [Unskilled]
   healing spells     [Unskilled]
   divination spells  [Unskilled]
   matter spells      [Unskilled]

Voluntary challenges:
 Character rerolling was not enabled.
 You never genocided any monsters.
 You never polymorphed an object.
 You never changed form.
 You used no wishes.
 You did not violate any of the special Sokoban rules.
Achievements:
 You attained the rank of Field Worker.
 You entered the Gnomish Mines.
 You entered a shop.
 You attained the rank of Investigator.
 You entered Sokoban.
 You entered Minetown.
 You entered a temple.

 The Dungeons of Doom: levels 1 to 9
    Level 1:
       Some fountains.
    Level 2:
       An armor shop.
       Stairs down to The Gnomish Mines.
    Level 3:
       A general store, a fountain.
    Level 4:
       A scroll shop.
    Level 5:
       A fountain.
    Level 6:
    Level 7:
       A fountain, a sink.
       Stairs up to Sokoban, level 6.
    Level 8:
    Level 9:
 The Gnomish Mines: levels 3 to 6
    Level 3:
    Level 4:
    Level 5: <- You were here.
       Final resting place for
          you, killed by a mumak.
    Level 6:
       Some shops, a temple and an altar, some fountains.
 Sokoban: levels 6 up to 5
    Level 5:
       Solved.
    Level 6:
       Solved.


Vanquished creatures:
 an ettin mummy
  2 elf mummies
  2 chameleons
  4 wolves
  a lynx
  a spotted jelly
 21 leprechauns
 an orc-captain
  2 iron piercers
  a horse
  2 black lights
  a yeti
  a lizard
  a jaguar
  2 dwarf leaders
  a raven
  a plains centaur
  a gnome mummy
  a snake
  a human zombie
  a rope golem
  3 Woodland-elves
  2 bugbears
  a water nymph
  2 orc shamans
  3 rock piercers
  a rock mole
  a pony
  3 yellow lights
  2 shriekers
  2 violet fungi
  6 gnome leaders
  2 gnomish wizards
  a gray ooze
  3 elf zombies
  a ghoul
  a paper golem
  5 giant ants
  a little dog
  a floating eye
 10 dwarves
  2 homunculi
 22 hill orcs
  2 rothes
  a rabid rat
  2 centipedes
 an orc zombie
  8 dwarf zombies
  a wererat
  3 iguanas
  2 killer bees
  2 acid blobs
  2 coyotes
  a hobbit
  2 manes
  4 large kobolds
  6 giant rats
  2 cave spiders
  a green mold
 29 gnomes
  a garter snake
  4 gnome zombies
  3 geckos
 21 jackals
  a kobold
  3 goblins
  2 sewer rats
  3 grid bugs
  2 bats
  8 lichens
  6 newts
247 creatures vanquished.

No species were genocided or became extinct.

Game over:
                       ----------
                      /          \
                     /    REST    \
                    /      IN      \
                   /     PEACE      \
                  /                  \
                  |  LDaviesPeters   |
                  |      67 Au       |
                  |   killed by a    |
                  |      mumak       |
                  |                  |
                  |                  |
                  |       2026       |
                 *|     *  *  *      | *
        _________)/\\_//(\/(/\)/\//\/|_)_______

Goodbye LDaviesPeters the Archeologist...

You died in The Gnomish Mines on dungeon level 5 with 12583 points,
and 67 pieces of gold, after 10174 moves.
You were level 9 with a maximum of 73 hit points when you died.

